 Dungeon Crawl Stone Soup version 0.22-a0-358-g7563fe7 (webtiles) character file.

214780 inmateoo the Stormcaller (level 19, -1/152 HPs)
             Began as a Barachi Air Elementalist on Apr 18, 2018.
             Was the Champion of Vehumet.
             Killed from afar by a shock serpent (26 damage)
             ... with a bolt of electricity
             ... on level 3 of the Snake Pit.
             The game lasted 02:02:48 (47011 turns).

inmateoo the Stormcaller (BaAE)                    Turns: 47011, Time: 02:02:50

Health: -1/152     AC: 13    Str: 10    XL:     19   Next: 0%
Magic:  10/35      EV: 20    Int: 27    God:    Vehumet [******]
Gold:   1608       SH: 12    Dex: 14    Spells: 7/42 levels left

rFire    . . .     SeeInvis +   F - +11 long sword "Zaad" {flame, *Noise +Blink Int+5}
rCold    + . .     Gourm    .   m - +0 shield of Contentment {*Corrode rN+ Slay+2}
rNeg     + + .     Faith    .   W - +2 robe {Archmagi}
rPois    +         Spirit   .   H - +2 helmet {SInv}
rElec    .         Reflect  .   v - +2 cloak {MR+}
rCorr    .         Harm     .   L - +0 pair of gloves
MR       +++++     Clarity  +   Z - +0 pair of boots of Plog {MR+} (curse)
Stlth    ++........             p - amulet of the Four Winds {rN+ MR+++ Clar}
HPRegen  0.35/turn              X - ring of poison resistance
MPRegen  0.24/turn              j - ring of protection from cold

@: can't hop, slow
A: +LOS, swims, slowness 1, strong legs 2
}: 1/15 runes: decaying
a: Hop, Renounce Religion, Evoke Blink


You were on level 3 of the Snake Pit.
You worshipped Vehumet.
Vehumet was exalted by your worship.
You were not hungry.

You visited 7 branches of the dungeon, and saw 33 of its levels.
You also visited: Labyrinth and Volcano.

You collected 3915 gold pieces.
You spent 2307 gold pieces at shops.

Inventory:

Hand Weapons
 F - the +11 long sword "Zaad" (weapon) {flame, *Noise +Blink Int+5}
   (You took it off an orc warrior on level 11 of the Dungeon)

   It has been specially enchanted to burn those struck by it, causing extra
   injury to most foes and up to half again as much damage against particularly
   susceptible opponents.
   Big, fiery blades are also staple armaments of hydra-hunters.
   It affects your intelligence (+5).
   It lets you blink.
   It may make noises in combat.
 T - a +3 antimagic demon blade
Missiles
 f - 10 silver tomahawks (quivered)
Armour
 i - the +3 leather armour of Trumpets {+Inv rC+ Dex+3 SInv}
   (You found it on level 2 of the Snake Pit)

   It affects your dexterity (+3).
   It protects you from cold.
   It lets you see invisible.
   It lets you turn invisible.
 m - the +0 shield of Contentment (worn) {*Corrode rN+ Slay+2}
   (You found it on level 4 of the Dungeon)

   It affects your accuracy and damage with ranged weapons and melee attacks
   (+2).
   It protects you from negative energy.
   It may corrode you when you take damage.
 v - a +2 cloak of magic resistance (worn)
 H - a +2 helmet of see invisible (worn)
 L - a +0 pair of gloves (worn)
 W - a +2 robe of the Archmagi (worn)
 Z - the cursed +0 pair of boots of Plog (worn) {MR+}
   (You found it on level 1 of the Depths)

   It affects your resistance to hostile enchantments.
   It has a curse placed upon it.
Jewellery
 j - a ring of protection from cold (right hand)
 p - the amulet of the Four Winds (around neck) {rN+ MR+++ Clar}
   (You took it off a minotaur in a labyrinth)

   [amulet of nothing]

   It protects you from negative energy.
   It affects your resistance to hostile enchantments.
   It protects you against confusion.
 u - an uncursed ring of fire
 w - a +3 ring of intelligence
 x - a +2 ring of evasion
 y - an uncursed ring of fire
 X - a ring of poison resistance (left hand)
Wands
 l - a wand of iceblast (1)
 n - a wand of enslavement (14)
 r - a wand of scattershot (6)
 t - a wand of digging (34)
 C - a wand of random effects (120)
 N - a wand of flame (37)
 O - a wand of paralysis (24)
 R - a wand of disintegration (18)
 U - a wand of clouds (2)
Scrolls
 e - 6 scrolls of amnesia
 q - 6 scrolls of fear
 z - 3 scrolls of magic mapping
 E - 5 scrolls of teleportation
 J - 10 scrolls of identify
 K - 7 scrolls of remove curse
 M - 2 scrolls of enchant armour
Potions
 a - 3 potions of haste
 b - 8 potions of flight
 d - 4 potions of ambrosia
 g - 3 potions of brilliance
 h - 4 potions of curing
 k - 2 potions of heal wounds
 s - a potion of mutation
 A - a potion of invisibility
 D - 6 potions of agility
 G - a potion of cancellation
 I - a potion of resistance
 P - a potion of might
 Q - a potion of magic
Miscellaneous
 o - a fan of gales
 S - a phial of floods (inert)
Comestibles
 c - 19 rations


   Skills:
 - Level 14.0 Fighting
 - Level 10.0 Long Blades
 - Level 6.0 Armour
 - Level 12.0 Dodging
 - Level 1.7 Stealth
 + Level 13.8 Shields
 + Level 12.1 Spellcasting
 + Level 11.8 Conjurations
 + Level 9.6 Summonings
 * Level 8.8 Ice Magic
 + Level 17.5 Air Magic
 - Level 4.0 Evocations


You had 7 spell levels left.
You knew the following spells:

 Your Spells              Type           Power        Failure   Level  Hunger
a - Orb of Destruction    Conj           #######...   7%          7    ######.
b - Swiftness             Chrm/Air       #######.     1%          2    None
c - Static Discharge      Conj/Air       #######.     1%          3    None
d - Airstrike             Air            ########..   1%          4    None
e - Apportation           Tloc           ###...       4%          1    None
f - Lightning Bolt        Conj/Air       #######...   1%          5    ###....
g - Freezing Cloud        Conj/Ice/Air   #######...   1%          6    #####..
h - Spellforged Servitor  Conj/Summ      #######...   11%         7    ######.


Dungeon Overview and Level Annotations

Branches:
Dungeon (15/15)            Temple (1/1) D:4            Lair (6/6) D:10
  Swamp (4/4) Lair:3        Snake (3/4) Lair:4        Slime (0/5) Lair:6
    Orc (2/2) D:10            Elf (0/3) Orc:2        Vaults (0/5) D:14
 Depths (2/5) D:15

Altars:
Ashenzari
Cheibriados
Elyvilon
Fedhas
Gozag
Hepliaklqana
Kikubaaqudgha
Makhleb
Qazlal
Ru
Sif Muna
Trog
Uskayaw
Vehumet
Wu Jian
Xom
Yredelemnul
Zin
The Shining One
Jiyva

Shops:
D:8 =   Orc:2 [:*(   Depths:1 =}

Portals:
Hell: Depths:1
Abyss: Depths:1


Innate Abilities, Weirdness & Mutations

Shadows flee at your approach. (+LOS)
You can swim through water.
You cover ground slowly.
You can hop long distances.


Message History

* * * LOW HITPOINT WARNING * * *
The anaconda constricts you.
A naga mage comes into view. It is wielding a club.
Unknown command.
Unknown command.
You escape the anaconda's grasp.
The naga sharpshooter is engulfed in freezing vapours.
The naga sharpshooter gestures wildly while chanting.
The naga sharpshooter magically shoots an arrow.
You block the arrow.
The salamander mystic is engulfed in freezing vapours.
You kill the salamander mystic!
Vehumet accepts your kill.
You feel your power returning.
You have reached level 19!
The shock serpent is engulfed in freezing vapours.
The shock serpent seems to slow down.
The shock serpent shoots out a bolt of lightning at you!
The bolt of electricity hits you!
You die...

##>..##..#.#..#...#.######
#.#..##.#.##)##.#.>######
####.##.#...#..(##.#....#
###.####.....###)#.... #
#.#..#.##...#.. ##
..#.###..##.##..
#.#######...##..###.
#.###§#(#...##.# #.
#@§S#§(#..##..###.
##(S§§.##..#.##...
###§#######.#..#. ##NN#
#.##.#. #N...#N%# ##...##
#..##.. ### #.##[.# ##N
####..# ## ####


You could see a naga sharpshooter, a salamander, an anaconda, a shock serpent
and a naga mage.

Vanquished Creatures
  the Lernaean hydra (Swamp:4)
  Bai Suzhen (Swamp:3)
  Nikola (Depths:1)
  3 sphinxes (Depths:1)
  Gastronok (D:11)
  A thorn hunter (Swamp:4)
  A nagaraja (Snake:3)
  Aizul (Snake:1)
  An orc warlord (Orc:2)
  The ghost of iamserjio the Black Belt, a journeyman TeFi of Ru (Lair:3)
  Azrael (Snake:1)
  A minotaur (Lab)
  The ghost of Leszczynek the Grappler, a journeyman TrSk of Okawaru (Orc:2)
  4 fire dragons
  Fannar (D:12)
  An ogre mage (Orc:2)
  3 ice dragons (Depths:1)
  2 great orbs of eyes (Depths:1)
  27 hydras
  4 vault guards
  3 catoblepae (Lair:6)
  11 naga warriors
  A hell beast (Depths:1)
  5 anacondas (Snake:3)
  A centaur warrior (D:15)
  11 death yaks (Lair:6)
  12 alligators
  The ghost of Amnesiac the Destroyer, a journeyman DECj of Gozag (Lair:1)
  2 deep troll shamans (Depths:1)
  The ghost of Rhok the Basher, a novice DsGl of Gozag (D:9)
  13 two-headed ogres
  2 vampire magi (Depths:1)
  7 orc high priests
  12 naga sharpshooters
  A tengu warrior (D:15)
  7 shock serpents
  3 spriggan druids
  A glowing orange brain (D:15)
  3 salamander mystics
  An unseen horror (shapeshifter) (D:15)
  2 deep trolls (Depths:1)
  3 shambling mangroves (Swamp:3)
  A harpy (Depths:1)
  The ghost of VDreamerV the Changer, a novice OpTm of Cheibriados (D:8)
  9 swamp dragons
  A naga ritualist (Snake:3)
  2 wizards
  A deep elf mage (D:12)
  A necromancer (Depths:1)
  5 mana vipers
  Pikel (D:6)
  4 orc sorcerers
  An orc knight (Orc:2)
  A manticore (shapeshifter) (D:15)
  7 manticores
  3 cyclopes
  10 ugly things
  8 salamanders
  17 black mambas
  A guardian serpent (Snake:2)
  A centaur zombie (D:13)
  7 naga magi
  5 gargoyles
  22 spiny frogs
  A frost giant skeleton (Depths:1)
  A smoke demon (Volcano)
  2 molten gargoyles (Volcano)
  2 rime drakes
  6 yaktaurs (Depths:1)
  5 komodo dragons
  11 trolls
  A golden dragon simulacrum (Depths:1)
  3 polar bears
  3 meliai (D:14)
  A queen bee (D:14)
  7 tyrant leeches
  Grinder (D:6)
  6 blink frogs (Lair:4)
  7 dream sheep (Lair:5)
  19 bog bodies
  15 hornets
  21 slime creatures
  12 hippogriffs
  A meliai zombie (D:14)
  Sigmund (D:3)
  11 spriggans
  2 shadows
  A human (D:9)
  3 wyverns
  40 yaks
  A golden eye (shapeshifter) (D:15)
  A human (shapeshifter) (D:15)
  2 wraiths
  2 hogs (D:9)
  Eustachio (D:6)
  7 fire bats (Volcano)
  A basilisk (Lair:5)
  3 fire elementals (Snake:1)
  A hungry ghost (D:13)
  22 vampire mosquitoes
  Menkaure (D:5)
  20 swamp worms
  4 wargs
  26 nagas
  A soldier ant (shapeshifter) (Depths:1)
  9 hell hounds
  21 insubstantial wisps
  2 acid dragons
  Duvessa (D:5)
  3 porcupines (Lair:3)
  An ice beast (D:12)
  11 water moccasins
  2 black bears
  A slave (D:6)
  13 swamp drakes
  24 orc warriors
  A sky beast (D:10)
  A black bear (shapeshifter) (D:15)
  An eye of draining (shapeshifter) (D:15)
  An ice dragon simulacrum (Depths:1)
  A necrophage (D:6)
  8 ogres
  4 phantoms
  14 wolves
  An eye of draining (D:15)
  10 centaurs
  16 crocodiles
  15 bullfrogs
  A big kobold (D:11)
  A wyvern zombie (D:14)
  A gnoll sergeant (D:8)
  A glowing shapeshifter simulacrum (Depths:1)
  Dowan (D:5)
  2 wyvern skeletons
  6 scorpions
  3 wights (D:13)
  5 electric eels
  26 killer bees
  4 howler monkeys
  6 lava snakes
  7 crimson imps
  A bullfrog zombie (D:12)
  7 jellies
  12 orc wizards
  4 centaur skeletons
  10 orc priests
  3 bullfrog skeletons
  4 hounds
  Ijyb (D:4)
  An iguana (D:11)
  8 worker ants
  A hound zombie (D:10)
  2 howler monkey skeletons (D:4)
  2 worker ant zombies
  6 gnolls
  18 adders
  3 shadow imps
  2 oozes
  3 adder zombies (D:6)
  2 worms (D:2)
  3 dart slugs (D:1)
  6 leopard geckos
  51 orcs
  23 bats
  5 giant cockroaches
  8 hobgoblins
  6 jackals (D:1)
  9 quokkas
  7 frilled lizards
  8 goblins
  A jackal zombie (D:7)
  15 kobolds
  A leopard gecko skeleton (D:4)
  A quokka skeleton (D:8)
  A quokka zombie (D:7)
  10 rats
  6 fungi
  4 plants
1025 creatures vanquished.

Vanquished Creatures (collateral kills)
  A shadow dragon (Depths:1)
  A great orb of eyes (Depths:1)
  A two-headed ogre (D:11)
  A shock serpent (Snake:3)
  A naga sharpshooter (Snake:3)
  A black mamba (Snake:3)
  2 orcs (D:10)
8 creatures vanquished.

Vanquished Creatures (others)
  An orc knight (Orc:2)
  An orc warrior (D:10)
  A swamp drake (Swamp:2)
  An adder (D:12)
  A bush (Lair:2)
  26 fungi
  41 plants
72 creatures vanquished.

Grand Total: 1105 creatures vanquished

Notes
Turn   | Place    | Note
-------+----------+-------------------------------------------
     0 | D:1      | inmateoo the Barachi Air Elementalist began the quest for the Orb.
     0 | D:1      | Reached XP level 1. HP: 13/13 MP: 3/3
   473 | D:1      | Reached XP level 2. HP: 20/20 MP: 3/5
   489 | D:1      | Reached skill level 1 in Fighting
   551 | D:1      | Learned a level 2 spell: Swiftness
   575 | D:1      | Reached skill level 4 in Air Magic
   677 | D:1      | Reached XP level 3. HP: 11/26 MP: 4/6
   975 | D:1      | Learned a level 3 spell: Static Discharge
  1732 | D:2      | Reached XP level 4. HP: 28/33 MP: 0/7
  3518 | D:2      | Reached skill level 5 in Air Magic
  3518 | D:2      | Reached XP level 5. HP: 34/39 MP: 1/9
  3879 | D:3      | Found a faded altar of an unknown god.
  3945 | D:3      | Noticed Sigmund
  3952 | D:3      | Learned a level 4 spell: Airstrike
  3956 | D:3      | Became a worshipper of Uskayaw the Reveler
  3956 | D:3      | Reached * piety under Uskayaw
  3967 | D:3      | Reached ** piety under Uskayaw
  3972 | D:3      | Reached *** piety under Uskayaw
  3997 | D:3      | Killed Sigmund
  3997 | D:3      | Reached XP level 6. HP: 18/47 MP: 0/11
  4316 | D:4      | Reached skill level 6 in Air Magic
  4375 | D:4      | Got a faintly humming shield
  4684 | D:4      | Found a staircase to the Ecumenical Temple.
  4706 | D:4      | Fell from the grace of Uskayaw
  4711 | Temple   | Entered the Ecumenical Temple
  4723 | Temple   | Became a worshipper of Vehumet
  5357 | D:3      | Reached XP level 7. HP: 54/54 MP: 5/13
  5483 | D:3      | Reached * piety under Vehumet
  5483 | D:3      | Offered knowledge of Sting by Vehumet.
  5905 | D:3      | Reached skill level 1 in Shields
  6068 | D:4      | Noticed Ijyb
  6131 | D:4      | Killed Ijyb
  6609 | D:4      | Identified the cursed +0 shield of Contentment {*Corrode rN+ Slay+2} (You found it on level 4 of the Dungeon)
  6638 | D:5      | Entered Level 5 of the Dungeon
  6700 | D:5      | Noticed Dowan
  6703 | D:5      | Noticed Duvessa
  6719 | D:5      | Killed Duvessa
  6720 | D:5      | Killed Dowan
  6720 | D:5      | Reached skill level 5 in Fighting
  6890 | D:5      | Reached XP level 8. HP: 56/62 MP: 9/14
  6982 | D:5      | Paralysed by the fury of Uskayaw for 7 turns
  7046 | D:5      | Paralysed by the fury of Uskayaw for 6 turns
  7097 | D:5      | Found the +7 Singing Sword
  7211 | D:5      | Noticed Menkaure
  7217 | D:5      | Reached skill level 7 in Air Magic
  7226 | D:5      | Killed Menkaure
  7353 | D:5      | Paralysed by the fury of Uskayaw for 2 turns
  7820 | D:6      | Noticed Pikel
  7890 | D:6      | Noticed Grinder
  7900 | D:6      | Paralysed by Grinder for 6 turns
  7911 | D:6      | Killed Grinder
  7917 | D:6      | Reached skill level 8 in Air Magic
  7993 | D:6      | Was forgiven by Uskayaw
  7996 | D:6      | Reached skill level 1 in Long Blades
  7996 | D:6      | Reached XP level 9. HP: 67/71 MP: 3/15
  8001 | D:6      | Noticed Eustachio
  8005 | D:6      | Reached skill level 1 in Armour
  8011 | D:6      | Killed Eustachio
  8268 | D:6      | Killed Pikel
  8546 | D:7      | Found a sacrificial altar of Ru.
  8566 | D:7      | Offered knowledge of Magic Dart by Vehumet.
  8585 | D:7      | Reached ** piety under Vehumet
  8681 | D:7      | Noticed a hornet
  8684 | D:7      | Killed a hornet
  8684 | D:7      | Reached skill level 5 in Shields
  8755 | D:7      | Learned a level 1 spell: Apportation
  8833 | D:7      | Found a snail-covered altar of Cheibriados.
  8878 | D:7      | Got an encrusted leather armour
  8894 | D:7      | Identified the +2 leather armour of Okawaru's Envy {rF+ rCorr Int-5} (You found it on level 7 of the Dungeon)
  8915 | D:7      | Found a glowing golden altar of the Shining One.
  9263 | D:8      | Noticed a two-headed ogre
  9271 | D:8      | Reached skill level 5 in Spellcasting
  9276 | D:8      | Killed a two-headed ogre
  9276 | D:8      | Reached skill level 9 in Air Magic
  9276 | D:8      | Reached XP level 10. HP: 72/79 MP: 8/18
  9436 | D:8      | Noticed VDreamerV's ghost (novice OpTm)
  9467 | D:8      | Killed VDreamerV's ghost
  9784 | D:8      | Found Hiugosh's Jewellery Emporium.
 10155 | D:9      | Noticed Rhok's ghost (novice DsGl)
 10403 | D:9      | Killed Rhok's ghost
 10403 | D:9      | Reached skill level 10 in Air Magic
 10403 | D:9      | Reached skill level 1 in Evocations
 10521 | D:9      | Offered knowledge of Dazzling Spray by Vehumet.
 10912 | D:9      | Noticed a two-headed ogre
 10918 | D:9      | Killed a two-headed ogre
 11131 | D:9      | Found a shimmering altar of Xom.
 11139 | D:9      | Reached XP level 11. HP: 84/84 MP: 22/22
 11185 | D:9      | Reached skill level 5 in Long Blades
 11252 | D:9      | Reached *** piety under Vehumet
 11499 | D:9      | Learned a level 5 spell: Lightning Bolt
 11610 | D:10     | Entered Level 10 of the Dungeon
 11610 | D:10     | Found a staircase to the Lair.
 11812 | D:10     | Offered knowledge of Iskenderun's Mystic Blast by Vehumet.
 12201 | D:10     | Found a staircase to the Orcish Mines.
 12372 | D:10     | Found a blossoming altar of Fedhas.
 12406 | D:10     | Found an opulent altar of Gozag.
 12548 | D:10     | Reached **** piety under Vehumet
 12769 | D:11     | Noticed a manticore
 12772 | D:11     | Killed a manticore
 12776 | D:11     | Reached skill level 11 in Air Magic
 13025 | D:11     | Offered knowledge of Mephitic Cloud by Vehumet.
 13035 | D:11     | Got an ichor-stained long sword {flame}
 13040 | D:11     | Identified the +11 long sword "Zaad" {flame, *Noise +Blink Int+5} (You took it off an orc warrior on level 11 of the Dungeon)
 13179 | D:11     | Noticed Gastronok
 13309 | D:11     | Noticed a two-headed ogre
 13314 | D:11     | Killed a two-headed ogre
 13331 | D:11     | Killed Gastronok
 13331 | D:11     | Reached skill level 5 in Dodging
 13765 | D:12     | Found a labyrinth entrance.
 13781 | D:12     | Noticed an eight-headed hydra
 13792 | Lab      | Entered a labyrinth
 14112 | Lab      | Noticed a minotaur
 14118 | Lab      | Killed a minotaur
 14118 | Lab      | Reached XP level 12. HP: 67/94 MP: 6/24
 14133 | Lab      | Got an ichor-stained plate armour
 14133 | Lab      | Got a slimy cloak
 14140 | Lab      | Identified the +0 cloak of Misanthropy {+Inv Str+3} (You found it in a labyrinth)
 14222 | D:12     | HP: 3/94 [five-headed hydra (6)]
 14232 | D:12     | Noticed Fannar
 14594 | D:12     | Killed a two-headed hydra
 15247 | D:12     | Noticed a two-headed ogre
 15250 | D:12     | Killed a two-headed ogre
 15296 | D:12     | Reached skill level 5 in Conjurations
 15342 | D:12     | Reached ***** piety under Vehumet
 15342 | D:12     | Offered knowledge of Freezing Cloud by Vehumet.
 15353 | D:12     | Killed Fannar
 15353 | D:12     | Reached skill level 12 in Air Magic
 16002 | D:13     | Noticed an eight-headed hydra
 16514 | D:13     | Reached skill level 10 in Fighting
 16571 | D:13     | Gained mutation: You can hop long distances. [Barachi growth]
 16571 | D:13     | Reached XP level 13. HP: 103/103 MP: 11/26
 16952 | D:13     | Identified a scroll of acquirement
 17044 | D:13     | Reached skill level 10 in Spellcasting
 17609 | D:14     | Noticed a vault guard
 17610 | D:14     | Noticed a vault guard
 17614 | D:15     | Entered Level 15 of the Dungeon
 17623 | D:15     | Killed a vault guard
 17693 | D:14     | Got a jewelled leather armour
 17748 | D:14     | Identified the cursed +0 leather armour "Juffudust" {Int+2} (You found it on level 14 of the Dungeon)
 17783 | D:14     | Noticed a vault guard
 17793 | D:14     | Killed a vault guard
 17810 | D:14     | Noticed a vault guard
 17816 | D:14     | Reached skill level 13 in Air Magic
 17825 | D:13     | Killed a vault guard
 18288 | D:13     | Killed a vault guard
 18488 | D:14     | Found a gate to the Vaults.
 18683 | D:14     | Learned a level 6 spell: Freezing Cloud
 19186 | D:14     | Reached skill level 10 in Shields
 19893 | D:15     | Reached skill level 14 in Air Magic
 20741 | Orc:1    | Entered Level 1 of the Orcish Mines
 20800 | Orc:2    | Entered Level 2 of the Orcish Mines
 20808 | Orc:1    | Reached XP level 14. HP: 53/110 MP: 26/28
 21119 | Orc:2    | Noticed Leszczynek's ghost (journeyman TrSk)
 21135 | Orc:1    | Offered knowledge of Force Lance by Vehumet.
 21375 | Orc:2    | Killed Leszczynek's ghost
 21725 | Orc:2    | Reached skill level 15 in Air Magic
 22101 | Orc:2    | Found a staircase to the Elven Halls.
 22197 | Orc:2    | Found Teraor's Book Boutique.
 22203 | Orc:2    | Reached skill level 1 in Ice Magic
 22377 | Orc:2    | Found Roaph's Antique Armour Boutique.
 22377 | Orc:2    | Noticed an orc warlord
 22402 | Orc:2    | Killed an orc warlord
 23170 | Orc:2    | Found Loteh's General Store.
 23190 | Orc:2    | Found Hinegh's Antique Weapon Boutique.
 23928 | Orc:2    | Bought a scroll of acquirement for 572 gold pieces
 23928 | Orc:2    | Bought a scroll of magic mapping for 38 gold pieces
 23928 | Orc:2    | Bought a scroll of identify for 22 gold pieces
 24027 | Lair:1   | Entered Level 1 of the Lair of Beasts
 24027 | Lair:1   | Noticed Amnesiac's ghost (journeyman DECj)
 24030 | Lair:1   | Killed Amnesiac's ghost
 24087 | Lair:1   | Found a dark tunnel.
 24431 | Volcano  | Entered a volcano
 24963 | Volcano  | Found a bloodstained altar of Trog.
 25582 | Lair:1   | Reached XP level 15. HP: 117/117 MP: 29/29
 26235 | Lair:2   | Offered knowledge of Bolt of Magma by Vehumet.
 26421 | Lair:2   | Reached skill level 5 in Armour
 27088 | Lair:3   | Identified the +1 scale mail of Eternal Vigilance {+Inv Slay+6} (You found it on level 3 of the Lair of Beasts)
 27388 | Lair:3   | Found a staircase to the Swamp.
 27543 | Lair:3   | Noticed iamserjio's ghost (journeyman TeFi)
 27550 | Lair:3   | Killed iamserjio's ghost
 28445 | Lair:4   | Found a staircase to the Snake Pit.
 29257 | Lair:5   | Reached skill level 10 in Dodging
 29267 | Lair:5   | Identified the +6 ring mail of Music {rElec rF- rC+++ Str-4} (You found it on level 5 of the Lair of Beasts)
 30158 | Lair:6   | Entered Level 6 of the Lair of Beasts
 30358 | Lair:6   | Reached skill level 5 in Ice Magic
 30411 | Lair:6   | Offered knowledge of Conjure Ball Lightning by Vehumet.
 30912 | Lair:6   | Found a viscous altar of Jiyva.
 30913 | Lair:6   | Found a staircase to the Slime Pits.
 31286 | Lair:6   | Reached XP level 16. HP: 71/125 MP: 19/31
 32164 | Orc:2    | Bought a book of Power for 630 gold pieces
 32172 | Orc:2    | Learned a level 7 spell: Spellforged Servitor
 32352 | Swamp:1  | Entered Level 1 of the Swamp
 32830 | Swamp:1  | Reached skill level 1 in Summonings
 33468 | Swamp:2  | Offered knowledge of Ozocubu's Refrigeration by Vehumet.
 33536 | Swamp:1  | HP: 6/126 [poison (poison gas)]
 33541 | Swamp:1  | HP: 4/126 [poison (poison gas)]
 33547 | Swamp:1  | HP: 3/126 [poison (poison gas)]
 33553 | Swamp:1  | HP: 3/126 [poison (poison gas)]
 33561 | Swamp:1  | HP: 3/126 [poison (poison gas)]
 35420 | Orc:2    | Bought a runed robe for 125 gold pieces
 35774 | D:15     | Found a staircase to the Depths.
 35782 | Depths:1 | Entered Level 1 of the Depths
 36171 | Depths:1 | Reached skill level 16 in Air Magic
 36190 | Depths:1 | Reached skill level 10 in Long Blades
 36290 | Depths:1 | Noticed a sphinx
 36299 | Depths:1 | Killed a sphinx
 36491 | Depths:1 | Noticed a sphinx
 36497 | Depths:1 | Offered knowledge of Bolt of Fire by Vehumet.
 36499 | Depths:1 | Reached XP level 17. HP: 61/133 MP: 17/33
 36500 | Depths:1 | Killed a sphinx
 36779 | Depths:1 | Noticed Nikola
 36855 | Depths:1 | Found a snail-covered altar of Cheibriados.
 36937 | Depths:1 | Killed Nikola
 37094 | Depths:1 | Noticed a sphinx
 37098 | Depths:1 | Killed a sphinx
 37632 | Depths:1 | Found Ruodiep's Jewellery Emporium.
 37648 | Depths:1 | Reached skill level 5 in Summonings
 37653 | Depths:1 | Bought an uncursed ring of poison resistance for 320 gold pieces
 37688 | Depths:1 | Found a runed door.
 37716 | Depths:1 | Found a gateway to Hell.
 37813 | Depths:1 | Found Apebbiory's Gadget Boutique.
 37816 | Depths:1 | Bought a lamp of fire for 600 gold pieces
 37913 | Depths:1 | Found a one-way gate to the infinite horrors of the Abyss.
 38255 | Depths:1 | Got a pair of ichor-stained boots
 38266 | Depths:1 | Identified the cursed +0 pair of boots of Plog {MR+} (You found it on level 1 of the Depths)
 39184 | Swamp:3  | Noticed Bai Suzhen
 39821 | Swamp:3  | Learned a level 7 spell: Orb of Destruction
 39998 | Swamp:3  | Killed Bai Suzhen
 39998 | Swamp:3  | Reached skill level 10 in Conjurations
 40401 | Swamp:4  | Entered Level 4 of the Swamp
 41168 | Swamp:4  | Offered knowledge of Bolt of Cold by Vehumet.
 41298 | Swamp:4  | Noticed the 27-headed Lernaean hydra
 41308 | Swamp:4  | Killed the 27-headed Lernaean hydra
 41380 | Swamp:4  | Reached XP level 18. HP: 133/143 MP: 25/34
 41396 | Swamp:4  | Got a decaying rune of Zot
 41409 | Swamp:4  | Identified the Catalogue of the Jolly Ghosts
 42686 | Snake:1  | Entered Level 1 of the Snake Pit
 42805 | Snake:1  | Noticed Azrael
 42811 | Snake:1  | Killed Azrael
 42819 | Snake:1  | Reached skill level 17 in Air Magic
 44075 | Snake:1  | Noticed Aizul
 44086 | Snake:1  | Killed Aizul
 45056 | Snake:2  | Identified the +3 leather armour of Trumpets {+Inv rC+ Dex+3 SInv} (You found it on level 2 of the Snake Pit)
 45585 | Snake:2  | Reached ****** piety under Vehumet
 45893 | Snake:3  | Offered knowledge of Lehudib's Crystal Spear by Vehumet.
 45893 | Snake:3  | Offered knowledge of Glaciate by Vehumet.
 45893 | Snake:3  | Offered knowledge of Chain Lightning by Vehumet.
 47011 | Snake:3  | Reached XP level 19. HP: 25/152 MP: 10/35
 47011 | Snake:3  | Killed from afar by a shock serpent

Vault maps used:
D:1:      dpeg_arrival_castle
D:3:      chequers_ecumenical_altar_simple, guppyfry_early_orc_mine,
          uniq_sigmund
D:4:      minmay_temple_entry_mist, uniq_ijyb
D:5:      old_forge, first_ration, serial_bayou_pond_c, uniq_duvessa,
          uniq_menkaure
D:6:      uniq_eustachio, uniq_pikel, uniq_grinder
D:7:      marbit_many_paths, basic_altar, tso_metal_star
D:8:      serial_shops, shop
D:9:      basic_altar, grunt_livestock
D:10:     minmay_lair_entry_lava, david_orc_4, basic_altar,
          nicolae_gozag_cash_rules_everything_around_me
D:11:     grunt_decor_one_mirror, uniq_gastronok
D:12:     lab_entry_generic, uniq_fannar
D:13:     minmay_misc_feat_more_columns, serial_bayou_pond_c,
          kennysheep_generic_room_9
D:14:     lightli_vaults_fourway_checkpoint, special_room, minmay_misc_feat_five
D:15:     gammafunk_enter_depths_forms, serial_park_avenue1
Temple:   grunt_wide_crystal_templ
Lair:1:   dragon1_lemuel, enter_volcano_4, serial_bayou_shore_a
Lair:2:   minmay_hedge_maze, lemuel_fruit_tree
Lair:3:   minmay_swamp_entry_wisps, wad_woods_road_01, forest_entry_grove
Lair:4:   minmay_snake_entry_guardpost_small, grunt_forest_stairs_clearing
Lair:5:   st_stairs_6, grunt_forest_large_clearing_hut
Lair:6:   evilmike_catoblepas_cave, slime_altar_1, serial_bayou_lake_a,
          grunt_megastairs_1
Swamp:1:  evilmike_swamp_ruin_house_2
Swamp:2:  evilmike_swamp_ruin_house_4
Swamp:3:  evilmike_swamp_ruin_wall, uniq_bai_suzhen
Swamp:4:  grunt_swamp_rune_castle, swamp_pool5, hangedman_swamp_blocks,
          infiniplex_staircase_pool
Snake:1:  grunt_ministairs_2, st_stairs_14, uniq_azrael, uniq_aizul
Snake:2:  nicolae_snake_nest
Orc:2:    grunt_orc_gardens, grunt_orc_garden, grunt_orc_garden,
          grunt_orc_garden, grunt_orc_garden
Depths:1: serial_shops, nicolae_shop_competitors_out_of_business,
          kennysheep_mini_moat, hell_entry, lemuel_crystal_altar, special_room,
          abyss_entry, kennysheep_minor_cross, hangedman_decor_points,
          kennysheep_treasure_room, uniq_nikola
Depths:2: minmay_outward_triangles, hangedman_tar_grid_catacomb,
          nicolae_trove_entry_crossroad, minmay_staircase_windowed_small,
          lightli_enter_wizlab_magi_temple, abyss_entry,
          minmay_guarded_unrand_wrath_of_trog, uniq_sojobo, uniq_saint_roka
Lab:      labyrinth_green, nicolae_lab_arrow, nicolae_lab_dead_end, lab_hedge
Volcano:  volcano_grotto

Skill      XL: |  1  2  3  4  5  6  7  8  9 10 11 12 13 14 15 16 17 18 |
---------------+-------------------------------------------------------+-----
Fighting       | 1 2 3 4 5 7 8 10 11 12 13 14 | 14.0
Air Magic      | 4 5 6 8 9 10 11 12 14 15 16 17 | 17.5
Spellcasting   | 3 4 5 7 8 9 10 11 12 | 12.1
Shields        | 2 4 6 7 8 9 10 11 12 13 | 13.8
Dodging        | 3 4 5 6 8 9 10 12 | 12.0
Long Blades    | 1 4 6 7 9 10 | 10.0
Armour         | 3 4 6 |  6.0
Conjurations   | 2 4 5 7 8 9 10 11 | 11.8
Evocations     | 2 4 |  4.0
Ice Magic      | 3 5 7 8 |  8.8
Summonings     | 3 7 9 |  9.6
Stealth        | |  1.7

Action                   |  1- 3 |  4- 6 |  7- 9 | 10-12 | 13-15 | 16-18 | 19-21 || total
-------------------------+-------+-------+-------+-------+-------+-------+-------++-------
Melee: Dagger            |    80 |   105 |    55 |       |       |       |       ||   240
       Double sword      |       |       |    58 |   210 |       |       |       ||   268
       Long sword        |       |       |       |   175 |   719 |   639 |       ||  1533
Throw: Tomahawk          |       |       |     1 |     5 |     1 |     3 |       ||    10
 Cast: Shock             |    65 |   123 |   161 |    68 |    14 |     4 |       ||   435
       Static Discharge  |       |       |    10 |     8 |    15 |    11 |       ||    44
       Airstrike         |       |       |     1 |    17 |    77 |   109 |       ||   204
       Lightning Bolt    |       |       |       |    39 |    72 |    72 |       ||   183
       Freezing Cloud    |       |       |       |       |    32 |   104 |       ||   136
       Apportation       |       |       |       |       |       |     2 |       ||     2
       Orb of Destructio |       |       |       |       |       |    15 |       ||    15
       Spellforged Servi |       |       |       |       |       |     5 |       ||     5
Invok: Renounce Religion |       |     1 |       |       |       |       |       ||     1
 Abil: Hop               |       |     2 |     2 |     6 |     5 |    17 |       ||    32
       Evoke Blink       |       |       |       |       |       |     1 |       ||     1
Evoke: Wand              |       |       |     8 |     7 |     6 |    12 |       ||    33
       Box of beasts     |       |       |       |       |     1 |       |       ||     1
       Phial of floods   |       |       |       |       |       |     3 |       ||     3
       Fan of gales      |       |       |       |       |       |     1 |       ||     1
  Use: Scroll            |       |     8 |     7 |    15 |    15 |    16 |       ||    61
       Potion            |       |     2 |     2 |     3 |     1 |    10 |       ||    18
 Stab: Sleeping          |     4 |     1 |     2 |     1 |     1 |       |       ||     9
       Paralysed         |       |       |     6 |       |     5 |     3 |       ||    14
       Distracted        |       |       |       |     1 |       |     2 |       ||     3
       Confused          |       |       |       |       |       |     1 |       ||     1
       Invisible         |       |       |       |       |       |     1 |       ||     1
  Eat: Chunk             |     3 |    10 |    11 |    15 |    43 |    27 |       ||   109
       Ration            |       |     1 |     1 |     6 |     9 |    19 |       ||    36
Armor: Robe              |    43 |    65 |    55 |    70 |    67 |    80 |       ||   380
       Skin              |       |     3 |       |       |       |       |       ||     3
       Leather armour    |       |       |       |       |    78 |    35 |       ||   113
Dodge: Dodged            |   107 |   138 |   126 |   236 |   505 |   541 |       ||  1653
Block: Shield            |       |       |    67 |   264 |   458 |   419 |       ||  1208
       Reflection        |       |       |       |     2 |       |       |       ||     2
       Rpst.: Double sword |       |       |    12 |    35 |       |       |       ||    47
       Long sword        |       |       |       |    24 |   127 |   135 |       ||   286

Table legend:
 A = Spawn XP
 B = Non-spawn XP
 C = Spawn XP percentage of total XP
 D = Spawn monster count
 E = Non-spawn monster count
 F = Spawn count percentage of total count
 G = Total turns spent on level
                    A         B        C        D         E        F      G
               +---------+---------+-------+---------+---------+-------+---------
         Total |       0 |  316952 |   0.0 |       0 |    1024 |   0.0 | 47011
               +---------+---------+-------+---------+---------+-------+---------
           D:1 |       0 |      78 |   0.0 |       0 |      39 |   0.0 |  1883
           D:2 |       0 |     102 |   0.0 |       0 |      23 |   0.0 |  1932
           D:3 |       0 |     360 |   0.0 |       0 |      32 |   0.0 |  1330
           D:4 |       0 |     230 |   0.0 |       0 |      18 |   0.0 |  1471
           D:5 |       0 |    1021 |   0.0 |       0 |      25 |   0.0 |  1213
           D:6 |       0 |    1578 |   0.0 |       0 |      19 |   0.0 |   695
           D:7 |       0 |     476 |   0.0 |       0 |      12 |   0.0 |   667
           D:8 |       0 |    2573 |   0.0 |       0 |      22 |   0.0 |  1073
           D:9 |       0 |    4778 |   0.0 |       0 |      36 |   0.0 |  1734
          D:10 |       0 |    1839 |   0.0 |       0 |      30 |   0.0 |  1117
          D:11 |       0 |    4918 |   0.0 |       0 |      30 |   0.0 |  1103
          D:12 |       0 |   10117 |   0.0 |       0 |      41 |   0.0 |  2145
          D:13 |       0 |    8673 |   0.0 |       0 |      35 |   0.0 |  1823
          D:14 |       0 |    8554 |   0.0 |       0 |      49 |   0.0 |  1092
          D:15 |       0 |    9343 |   0.0 |       0 |      28 |   0.0 |  1623
        Lair:1 |       0 |    5354 |   0.0 |       0 |      17 |   0.0 |  1535
        Lair:2 |       0 |    1706 |   0.0 |       0 |       7 |   0.0 |   799
        Lair:3 |       0 |    7018 |   0.0 |       0 |      30 |   0.0 |  1425
        Lair:4 |       0 |    5788 |   0.0 |       0 |      23 |   0.0 |  1207
        Lair:5 |       0 |    6350 |   0.0 |       0 |      21 |   0.0 |  1122
        Lair:6 |       0 |   27989 |   0.0 |       0 |      73 |   0.0 |  1673
       Swamp:1 |       0 |    8231 |   0.0 |       0 |      20 |   0.0 |  1384
       Swamp:2 |       0 |   15526 |   0.0 |       0 |      42 |   0.0 |  1888
       Swamp:3 |       0 |   19360 |   0.0 |       0 |      49 |   0.0 |  1242
       Swamp:4 |       0 |   35015 |   0.0 |       0 |      59 |   0.0 |  2198
       Snake:1 |       0 |   20101 |   0.0 |       0 |      39 |   0.0 |  1751
       Snake:2 |       0 |   20844 |   0.0 |       0 |      39 |   0.0 |  1447
       Snake:3 |       0 |   19931 |   0.0 |       0 |      31 |   0.0 |  1127
         Orc:1 |       0 |    1992 |   0.0 |       0 |      18 |   0.0 |  1622
         Orc:2 |       0 |   22332 |   0.0 |       0 |      49 |   0.0 |  1896
      Depths:1 |       0 |   38255 |   0.0 |       0 |      47 |   0.0 |  2585
           Lab |       0 |    1246 |   0.0 |       0 |       1 |   0.0 |   427
       Volcano |       0 |    5274 |   0.0 |       0 |      20 |   0.0 |   746
               +---------+---------+-------+---------+---------+-------+---------
